 Dungeon Crawl Stone Soup version 0.30.1-9-gdf580d7c3d (webtiles) character file.

Game seed: 8211902360498589442

3 Peloso the Shield-Bearer (level 1, -5/20 HPs)
             Began as a Minotaur Fighter on Oct 15, 2023.
             Slain by a gnoll
             ... wielding a +0 flail of protection
              (7 damage)
             ... on level 1 of the Dungeon.
             The game lasted 00:00:06 (35 turns).

Peloso the Shield-Bearer (Minotaur Fighter)           Turns: 35, Time: 00:00:07

Health: -5/20      AC:  7    Str: 20    XL:     1   Next: 41%
Magic:  0/0        EV:  9    Int:  5    God:
Gold:   0          SH:  4    Dex:  9    Spells: 0/0 levels left

rFire   . . .        a - +0 long sword
rCold   . . .        c - +0 buckler
rNeg    . . .        b - +0 scale mail
rPois   .            (helmet restricted)
rElec   .            (no cloak)
rCorr   .            (no gloves)
SInv    .            (no boots)
Will    .....        (no amulet) Stlth
                     (no ring)
HPRegen 0.23/turn    (no ring)
MPRegen 0.07/turn

%: no passive effects
@: no status effects
A: horns 2, retaliatory headbutt
a: no special abilities


You were on level 1 of the Dungeon.
You visited 1 branch of the dungeon, and saw 1 of its levels.

Inventory:

Hand Weapons
 a - a +0 long sword (weapon)
Armour
 b - a +0 scale mail (worn)
 c - a +0 buckler (worn)
Potions
 d - a potion of might


   Skills:
 + Level 3.6 Fighting
 + Level 2.4 Long Blades
 + Level 3.7 Armour
 + Level 3.8 Shields


You couldn't memorise any spells.
You didn't know any spells.
Your spell library was empty.

Dungeon Overview and Level Annotations

Branches:
Dungeon (1/15)

Altars:


Innate Abilities, Weirdness & Mutations

You have a pair of horns on your head.
You reflexively headbutt those who attack you in melee.


Message History

The quokka bites you but does no damage.
You block the gnoll's attack. You block the quokka's attack.
You hit the quokka. Your headbutt misses the quokka.
The quokka is almost dead.
The gnoll completely misses you. The quokka barely misses you.
You barely miss the quokka. Your headbutt misses the quokka.
The quokka is almost dead.
The quokka misses you. You furiously retaliate!
You headbutt the quokka, but do no damage.
The gnoll barely misses you.
The quokka bites you but does no damage.
You hit the quokka.
You kill the quokka!
You block the gnoll's attack. The gnoll hits you but does no damage.
The goblin hits you but does no damage.
Found a scroll labelled DAEHYC ZEUPH.
Found a stone staircase leading down.
The goblin hits you but does no damage.
You closely miss the goblin. The goblin completely misses you.
You block the gnoll's attack.
You slash the goblin!
You kill the goblin!
The gnoll hits you but does no damage.
The gnoll hits you with a +0 flail of protection.
You see here a +2 dagger of holy wrath.
You barely miss the gnoll.
The gnoll hits you with a +0 flail of protection!
The gnoll hits you but does no damage.
You barely miss the gnoll. The gnoll hits you but does no damage.
You hit the gnoll. You headbutt the gnoll.
The gnoll is heavily wounded.
The gnoll hits you with a +0 flail of protection!
* * * LOW HITPOINT WARNING * * *
You closely miss the gnoll. Your headbutt misses the gnoll.
The gnoll is heavily wounded.
The gnoll barely misses you.
You hit the gnoll.
You headbutt the gnoll, but do no damage.
The gnoll is severely wounded.
The gnoll hits you with a +0 flail of protection!
You die...

#>..?.....# #.........#
#.........# #.........#
#........?# ##.......###
#..g........ #..@......#
#.........# ##.........#
#............
#.#.......>..
#.##.........
##########.#######....
####.....................
.....########.##..### #.


You could see a gnoll.

Vanquished Creatures
  A goblin (D:1)
  A quokka (D:1)
  A ball python (D:1)
3 creatures vanquished.

Notes
Turn   | Place    | Note
-------+----------+-------------------------------------------
     0 | D:1      | Peloso the Minotaur Fighter began the quest for the Orb.
     0 | D:1      | Reached XP level 1. HP: 19/19 MP: 0/0
    33 | D:1      | HP: 1/20 [gnoll/+0 flail of protection (9)]
    35 | D:1      | Slain by a gnoll

Illustrated notes

Levels and vault maps discovered:
D:1:      minmay_arrival_glassed_features, layout_rooms, minmay_pentomino_o4

Action                     || total
---------------------------++-------
  Melee: Long sword        ||    11
         Headbutt          ||     2
 Armour: Scale mail        ||     8
  Dodge: Dodged            ||     7
  Block: Buckler           ||     4
